[Event "*** Titled Tuesday Blitz"]
[Site "Chess.com"]
[Date "2021.04.06"]
[Round "8"]
[White "Sjakkerntobi"]
[Black "HanSchut"]
[Result "1-0"]
[WhiteElo "2389"]
[BlackElo "2265"]
[TimeControl "180+1"]
[EndTime "11:27:51 PDT"]
[Termination "Sjakkerntobi won by resignation"]

1. e4 c5 2. Nf3 d6 3. d4 cxd4 4. Qxd4 Nc6 5. Bb5 Bd7 6. Bxc6 Bxc6 7. Nc3 b5 8. Bg5 h6 9. Bh4 Qa5 10. O-O e5 11. Qd3 g5 12. Bg3 Nf6 13. Nd5 Bxd5 14. exd5 b4 15. Rad1 Be7 16. Rfe1 O-O 17. h4 Nh5 18.
hxg5 Nxg3 19. fxg3 hxg5 20. Qf5 Qd8 21. g4 Qc8 22.
Qe4 Qc5+ 23. Kh2 Rfc8 24. Re2 Kg7 25. Qf5 Rh8+ 26. Kg3 f6 27. Nd4 Kf7 28. Qe6+ Kf8 29.
Nf5 Qc7 30. Rf1 Re8 31. Nxe7 Rxe7 32. Qxf6+ Rf7 33. Qxh8+ Ke7 34. Rxf7+ 1-0

[Event "*** Titled Tuesday Blitz"]
[Site "Chess.com"]
[Date "2021.04.06"]
[Round "8"]
[White "dmjjmd"]
[Black "Caterpiller35"]
[Result "1-0"]
[WhiteElo "2275"]
[BlackElo "2446"]
[TimeControl "180+1"]
[EndTime "11:27:54 PDT"]
[Termination "dmjjmd won by resignation"]

1. e4 c5 2. Nf3 Nc6 3. Bb5 g6 4.
Bxc6 bxc6 5. O-O Bg7 6. Re1 Nh6 7. h3 O-O 8. c3 f5 9. e5 d6 10. d4 cxd4 11. cxd4 Rb8 12. Nc3 c5 13. dxc5 dxc5 14.
Qa4 Bb7 15. Qc4+ Kh8 16. Qxc5 Bxf3 17. gxf3 Nf7 18. f4 Qb6 19. Qxb6 Rxb6 20. Re2 Rd8 21. Be3 g5 22. Bxb6 axb6 23. e6 Nd6 24. fxg5 Bxc3 25. bxc3 Ne4 26. h4 Nxc3 27. Re5 f4 28. Rf5 Kg7 29. h5 Rd2 30. Rf7+ Kg8 31. Kg2 Rd5 32. Rc1 Rxg5+ 33. Kf3 Rc5 34. Rg1+ 1-0

[Event "*** Titled Tuesday Blitz"]
[Site "Chess.com"]
[Date "2021.04.06"]
[Round "8"]
[White "Mikhal867"]
[Black "Loy_Konstantin"]
[Result "1/2-1/2"]
[WhiteElo "2453"]
[BlackElo "2349"]
[TimeControl "180+1"]
[EndTime "11:27:54 PDT"]
[Termination "Game drawn by repetition"]

1. d4 Nf6 2. c4 c5 3. Nf3 cxd4 4. Nxd4 e5 5. Nb3 d5 6. cxd5 Qxd5 7. Qxd5 Nxd5 8. e4 Nb4 9. Na3 N8c6 10. Be3 Be6 11.
Nc5 Bxc5 12. Bxc5 O-O-O 13. Bb5 Nd3+ 14. Bxd3 Rxd3 15. O-O Rd2 16. b3 Rhd8 17. Nb5 a6 18.
Na7+ Nxa7 19. Bxa7 Rc2 20. Be3 Kd7 21. Rfc1 Rdc8 22. Rxc2 Rxc2 23. Kf1 Bg4 24. f3 Be6 25. Rd1+ Kc7 26. Rd2 Rxd2 27. Bxd2 f5 28. exf5 Bxf5 29. Ke2 Kd6 30. Bb4+ Kd5 31. Ke3 Bb1 32. a3 Bc2 33.
Bf8 g6 34. b4 Bf5 35. a4 b5 36. axb5 axb5 37. g4 Bc2 38. h4 h5 39. gxh5 gxh5 40.
f4 exf4+ 41. Kxf4 Bd1 42. Kg5 Bg4 43. Bc5 Kc4 44. Bd6 Kd5 45. Bc5 Kc4 46. Bd6 Kd3 47. Bc5 Kc4 1/2-1/2

[Event "*** Titled Tuesday Blitz"]
[Site "Chess.com"]
[Date "2021.04.06"]
[Round "8"]
[White "Alexander_Moskalenko"]
[Black "Fandorine"]
[Result "1/2-1/2"]
[WhiteElo "2763"]
[BlackElo "2902"]
[TimeControl "180+1"]
[EndTime "11:27:55 PDT"]
[Termination "Game drawn by agreement"]

1. e4 c5 2. Ne2 d6 3. g3 d5 4. Bg2 dxe4 5. Nbc3 Nf6 6. Nxe4 Nxe4 7. Bxe4 Nd7 8. d4 Nf6 9. Bg2 e6 10. O-O Be7 11. c4 O-O 12. b3 cxd4 13. Nxd4 a6 14. Re1 Bb4 15. Bd2 Bxd2 16. Qxd2 Qc7 17. Rad1 Bd7 18.
Qg5 h6 19. Qe5 Rfc8 20. Qxc7 Rxc7 21. a4 Rb8 22. f4 Kf8 23. h4 b6 24. Bf3 h5 25.
Re5 g6 26. Kf2 Rc5 27. Ne2 Be8 28. Ke3 Rxe5+ 29. fxe5 Nd7 30. Kf4 Nc5 31. Nc1 a5 32. Rd4 Ke7 33. Bd1 Bc6 34. Bc2 Rc8 35. Nd3 Nb7 36. Nf2 Nc5 37. Nd3 Nb7 38. Nf2 Nc5 1/2-1/2

[Event "*** Titled Tuesday Blitz"]
[Site "Chess.com"]
[Date "2021.04.06"]
[Round "8"]
[White "A-Fier"]
[Black "iamnotIM"]
[Result "1-0"]
[WhiteElo "2726"]
[BlackElo "2572"]
[TimeControl "180+1"]
[EndTime "11:27:55 PDT"]
[Termination "A-Fier won by resignation"]

1. d4 Nf6 2. c4 e6 3. Nf3 d5 4. Nc3 Be7 5. Bf4 O-O 6. e3 c5 7. dxc5 Bxc5 8. Qc2 Nc6 9. a3 Qa5 10. O-O-O dxc4 11. Bxc4 e5 12. Bg5 Be6 13. Bxe6 fxe6 14. Nd2 Bxa3 15. bxa3 Qxa3+ 16. Kb1 Nb4 17. Qb3 Qxb3+ 18.
Nxb3 a5 19. Bxf6 Rxf6 20. Ne4 Rf7 21. Nbc5 a4 22. Nxe6 a3 23. Rd2 a2+ 24. Kb2 b5 25. Rhd1 Rfa7 26. Ra1 h6 27. Nc3 Ra5 28. Nc7 Kh7 29.
Nxa8 Rxa8 30. Kb3 Na6 31. Raxa2 Nc5+ 32. Kc2 Rc8 33. Kd1 b4 34. Nd5 Nb3 35. Nxb4 1-0

[Event "*** Titled Tuesday Blitz"]
[Site "Chess.com"]
[Date "2021.04.06"]
[Round "8"]
[White "Didici"]
[Black "Hard_Utilizator"]
[Result "1-0"]
[WhiteElo "2663"]
[BlackElo "2524"]
[TimeControl "180+1"]
[EndTime "11:27:56 PDT"]
[Termination "Didici won by checkmate"]

1. d4 d5 2. c4 e6 3. Nc3 Nf6 4. Nf3 c6 5. g3 Bd6 6. Bg2 O-O 7. O-O Nbd7 8. Nd2 Qe7 9. e4 dxe4 10. Ndxe4 Nxe4 11. Nxe4 Bc7 12. Bg5 f6 13. Be3 e5 14.
d5 cxd5 15. cxd5 Bd6 16. Rc1 Rd8 17. Qb3 Kh8 18. Rfd1 b6 19. Nxd6 Qxd6 20. Rc6 Qf8 21. d6 Bb7 22. Rc7 Bxg2 23. Kxg2 f5 24. Bg5 Nf6 25.
Qe6 h6 26. Rf7 Qe8 27. Rxf6 gxf6 28. Bxf6+ Kh7 29. Qxf5+ Kg8 30. Qg4+ Kf7 31. Bxd8 Rxd8 32. Rd3 Qc6+ 33. Rf3+ Ke8 34. Qe6# 1-0

[Event "*** Titled Tuesday Blitz"]
[Site "Chess.com"]
[Date "2021.04.06"]
[Round "8"]
[White "geordie_derraugh"]
[Black "Spencenzug"]
[Result "1-0"]
[WhiteElo "2438"]
[BlackElo "2256"]
[TimeControl "180+1"]
[EndTime "11:27:58 PDT"]
[Termination "geordie_derraugh won by resignation"]

1. e4 c5 2. c3 Nf6 3. e5 Nd5 4.
d4 cxd4 5. Nf3 Nc6 6. cxd4 d6 7. Bc4 Nb6 8. Bb3 Na5 9. O-O dxe5 10. Bxf7+ Kxf7 11. Nxe5+ Kg8 12. Qh5 g6 13. Nxg6 hxg6 14. Qxa5 Qxd4 15.
Qg5 Bf5 16. Bf4 Bh6 17. Qxh6 Rxh6 18. Bxh6 Qxb2 19. Nd2 Rc8 20. Rfe1 Rc2 21. Rad1 Kf7 22. Be3 Nd5 23. Bg5 Qxa2 24. Nf3 Rxf2 25. Rxd5 Rxg2+ 26.
Kh1 Qf2 27. Rxe7+ 1-0

[Event "*** Titled Tuesday Blitz"]
[Site "Chess.com"]
[Date "2021.04.06"]
[Round "8"]
[White "Haykoooo0o"]
[Black "jd001"]
[Result "1-0"]
[WhiteElo "2444"]
[BlackElo "2153"]
[TimeControl "180+1"]
[EndTime "11:27:58 PDT"]
[Termination "Haykoooo0o won by resignation"]

1. d4 e6 2. Nf3 f5 3. Bf4 Nf6 4. e3 Be7 5. h3 O-O 6. Be2 d6 7. O-O Nc6 8. c3 a5 9. Nbd2 Ne4 10. Nxe4 fxe4 11. Nd2 d5 12. c4 Bd6 13. Bxd6 Qxd6 14.
cxd5 exd5 15. Bg4 Bxg4 16. Qxg4 Nb4 17. Nb3 b6 18. Nc1 Rf6 19. a3 Nc6 20. Ne2 Raf8 21. Rac1 Ne7 22. Nf4 c6 23. Rc3 Nf5 24. Rfc1 Nxd4 25.
Qd1 Qe5 26. Nh5 Qxh5 27. Qxh5 g6 28. Qd1 Nf5 29. Rxc6 1-0

[Event "*** Titled Tuesday Blitz"]
[Site "Chess.com"]
[Date "2021.04.06"]
[Round "8"]
[White "gisela_roque"]
[Black "IngOscarArdila"]
[Result "0-1"]
[WhiteElo "1749"]
[BlackElo "2174"]
[TimeControl "180+1"]
[EndTime "11:27:58 PDT"]
[Termination "IngOscarArdila won by resignation"]

1. c4 Nf6 2. Nf3 g6 3. g3 Bg7 4. Bg2 O-O 5. O-O d6 6. Nc3 Nbd7 7.
Rb1 a5 8. a3 e5 9. d3 c6 10. b4 axb4 11. axb4 Qc7 12. b5 Nc5 13. Be3 Bd7 14. Bxc5 dxc5 15. b6 Qb8 16. Nd2 Ra3 17. Nce4 Ra5 18. Nxf6+ Bxf6 19. Ne4 Be7 20. Qd2 f5 21.
Qxa5 fxe4 22. Bxe4 Qd6 23. Ra1 Kg7 24. Qc3 h5 25. Ra7 Bc8 26. Ra8 h4 27. Qd2 Bf6 28. Qe3 Qe7 29. Qd2 Bg5 30. e3 hxg3 31. hxg3 Rh8 32. f4 exf4 33. exf4 Bf6 34. Qe2 Bd4+ 35.
Kg2 Bh3+ 36. Kf3 Rxa8 37. Rh1 Qe6 0-1

[Event "*** Titled Tuesday Blitz"]
[Site "Chess.com"]
[Date "2021.04.06"]
[Round "8"]
[White "chessprincesa1"]
[Black "MoreChessJulia"]
[Result "1-0"]
[WhiteElo "2219"]
[BlackElo "2085"]
[TimeControl "180+1"]
[EndTime "11:27:59 PDT"]
[Termination "chessprincesa1 won by resignation"]

1. d4 c5 2. d5 b5 3. e4 a6 4. Nf3 d6 5. Be2 e5 6. O-O g6 7. c4 b4 8. a3 bxa3 9. Rxa3 f6 10. Nc3 Nh6 11. Bd2 Nf7 12. Bd3 Bg7 13. Ne2 O-O 14. Ba5 Qe8 15. Bc2 f5 16. exf5 gxf5 17.
Ng3 e4 18. Nh4 Bxb2 19. Rb3 Bf6 20. Nhxf5 Bxf5 21. Nxf5 Nd7 22. Rg3+ Kh8 23. Re1 Nde5 24. Rxe4 Qd7 25. Qh5 Rg8 26. Bc3 Rae8 27. Rh4 Ng5 28. Ne3 Rg6 29. Bxg6 Nxg6 30. Qxg6 Bxc3 31. Qxg5 a5 32. h3 a4 33. Nf5 Bb2 34. Nh6 Qg7 35.
Qxg7+ Bxg7 36. Nf7+ Kg8 37. Nxd6 Re1+ 38. Kh2 Kf8 39. Rf4+ Kg8 40. Nf5 1-0

[Event "*** Titled Tuesday Blitz"]
[Site "Chess.com"]
[Date "2021.04.06"]
[Round "8"]
[White "stanyga"]
[Black "MITerryble"]
[Result "0-1"]
[WhiteElo "2666"]
[BlackElo "2913"]
[TimeControl "180+1"]
[EndTime "11:28:01 PDT"]
[Termination "MITerryble won by resignation"]

1. d4 e6 2. e4 d5 3. e5 c5 4. c3 Qb6 5. Nf3 Bd7 6. a3 Bb5 7.
c4 dxc4 8. Nc3 Nc6 9. d5 O-O-O 10.
d6 f6 11. Nxb5 Qxb5 12. Qc2 Nxe5 13. Nxe5 fxe5 14. Bxc4 Qc6 15. Bxe6+ Kb8 16. O-O Bxd6 17. Be3 e4 18. Bh3 Nf6 19. b4 Nd5 20. Bxc5 Bxc5 21. bxc5 Nf4 22. Bf5 Rhe8 23. Rfe1 Rd4 24. Re3 g6 25. Bg4 Red8 26. h3 R8d5 27. Rxe4 Rxe4 28. Qxe4 g5 29. Qe7 Rd1+ 0-1

[Event "*** Titled Tuesday Blitz"]
[Site "Chess.com"]
[Date "2021.04.06"]
[Round "8"]
[White "Sergey85Rodchenkov"]
[Black "noblerone"]
[Result "0-1"]
[WhiteElo "2518"]
[BlackElo "2405"]
[TimeControl "180+1"]
[EndTime "11:28:01 PDT"]
[Termination "noblerone won by resignation"]

1. Nf3 d5 2. c4 c6 3. Qa4 dxc4 4. Qxc4 Nf6 5. Nc3 Bf5 6. e4 Be6 7. Qa4 Nbd7 8. d4 Nb6 9. Qc2 Bg4 10. Be3 e6 11. Bd3 Be7 12. O-O Bh5 13. Rfe1 Bg6 14. a4 a5 15. Bf4 O-O 16. Rad1 Re8 17. h3 h6 18. Qb3 Bb4 19. Ne5 Bh7 20. Bf1 Nfd7 21. Nd3 Qe7 22. Bg3 Red8 23. d5 cxd5 24. exd5 Bxd3 25. dxe6 Bxf1 26. exd7 Bc4 27. Qc2 Qf6 28.
Be5 Qg6 29. Qxg6 fxg6 30. Bc7 Rxd7 31. Bxb6 Rxd1 32. Rxd1 Bb3 33. Rd7 Bxc3 34. bxc3 Bxa4 35. Bd4 Bxd7 0-1

[Event "*** Titled Tuesday Blitz"]
[Site "Chess.com"]
[Date "2021.04.06"]
[Round "8"]
[White "BogdanDeac"]
[Black "Hikaru"]
[Result "0-1"]
[WhiteElo "3060"]
[BlackElo "3231"]
[TimeControl "180+1"]
[EndTime "11:28:02 PDT"]
[Termination "Hikaru won by resignation"]

1. e4 e5 2. Nf3 Nc6 3. Bc4 Bc5 4. c3 Nf6 5. d3 d6 6. O-O h6 7. Re1 O-O 8. Nbd2 a5 9. Nf1 Be6 10. Bb5 Ne7 11. d4 exd4 12. cxd4 Bb6 13. Ng3 d5 14. e5 Ne4 15. Bd3 Nxg3 16. hxg3 Bg4 17. Be3 a4 18. Bc2 Qd7 19. Qd2 Ba5 20. Qe2 Bxe1 21.
Rxe1 Bf5 22. Bd1 a3 23. b3 Ra6 24. Qd2 Re8 25. Be2 Raa8 26. Rc1 c6 27. Ne1 b6 28.
f3 c5 29. dxc5 d4 30. Qxd4 Qxd4 31. Bxd4 Nc6 32. Bc3 bxc5 33. Bb5 Rec8 34. Nc2 Nb4 35. Bxb4 cxb4 36. Bc4 Rxc4 37. bxc4 b3 38. axb3 Bxc2 0-1

[Event "*** Titled Tuesday Blitz"]
[Site "Chess.com"]
[Date "2021.04.06"]
[Round "8"]
[White "KafkaesqueKnight"]
[Black "TeukkaSalama"]
[Result "1-0"]
[WhiteElo "2274"]
[BlackElo "2365"]
[TimeControl "180+1"]
[EndTime "11:28:02 PDT"]
[Termination "KafkaesqueKnight won on time"]

1. d4 d5 2. c4 e6 3. Nc3 Be7 4. Nf3 Nf6 5. cxd5 exd5 6. Qc2 g6 7. e4 dxe4 8. Nxe4 Nxe4 9. Qxe4 O-O 10. Bc4 Bb4+ 11.
Kf1 Re8 12. Qf4 Be6 13. Bxe6 Rxe6 14. Be3 c6 15. d5 Bd6 16. Qh6 cxd5 17. Ng5 Qf6 18.
Qxh7+ Kf8 19. Nxe6+ Qxe6 20. Bh6+ Ke7 21. Re1 Be5 22.
Qg8 Qf5 23. Bg7 Nc6 24. Qxa8 Kd6 25. Bxe5+ Nxe5 26. Qb8+ Ke6 27. Qxe5+ 1-0

[Event "*** Titled Tuesday Blitz"]
[Site "Chess.com"]
[Date "2021.04.06"]
[Round "8"]
[White "LiverpooL174"]
[Black "shnitez"]
[Result "1-0"]
[WhiteElo "2684"]
[BlackElo "2507"]
[TimeControl "180+1"]
[EndTime "11:28:03 PDT"]
[Termination "LiverpooL174 won by checkmate"]

1. e4 c5 2. Nf3 e6 3. b3 b6 4. Bb2 Bb7 5. Bd3 Nf6 6. e5 Nh5 7. g3 f5 8. c4 g6 9. O-O Bg7 10.
Be2 Nc6 11. d4 cxd4 12. Nxd4 Nxd4 13. Bxd4 Qg5 14. h4 Qh6 15. Nc3 O-O 16. Bf3 Bc6 17.
Nb5 Kh8 18. Bxc6 dxc6 19. Nd6 c5 20. Bb2 Rad8 21. Qe2 f4 22. Kh2 f3 23. Qc2 g5 24.
Qd2 Nf4 25. Nf7+ Rxf7 26. Qxd8+ Rf8 27. Qxg5 Qxg5 28. hxg5 Nd3 29. Bc3 Nxe5 30. Bxe5 Bxe5 31. Rae1 Rf5 32. Re3 Rxg5 33. Rxf3 Bd4 34. Rf7 e5 35.
Rxa7 e4 36. Kg2 Re5 37. Rb7 Re6 38. Rh1 h6 39. Rh5 Kg8 40. Rd5 Re8 41. Rd6 e3 42.
fxe3 Bxe3 43. Rg6+ Kf8 44. Rgg7 Bg5 45. Rbf7# 1-0

[Event "*** Titled Tuesday Blitz"]
[Site "Chess.com"]
[Date "2021.04.06"]
[Round "8"]
[White "morte-negra"]
[Black "bylavochka"]
[Result "0-1"]
[WhiteElo "1956"]
[BlackElo "2227"]
[TimeControl "180+1"]
[EndTime "11:28:04 PDT"]
[Termination "bylavochka won on time"]

1. e4 c5 2. Nf3 d6 3. d4 cxd4 4. Nxd4 Nf6 5. Nc3 g6 6. Be2 Bg7 7. Be3 O-O 8. Qd2 Re8 9. f3 a6 10. O-O-O Nc6 11. g4 Qa5 12. Nb3 Qc7 13. h4 Ne5 14. h5 Nc4 15. Bxc4 Qxc4 16. hxg6 fxg6 17. Bh6 Bh8 18. g5 Nh5 19. Rxh5 gxh5 20. Rg1 Qf7 21. g6 hxg6 22. Nd5 Kh7 23. Nc7 Be6 24. Nxa8 Rxa8 25.
Qg5 Rc8 26. f4 Bf6 27. Qg3 Kxh6 28. f5 gxf5 29. exf5 Bxf5 30. Qf4+ Bg5 31. Qxg5+ Kh7 32. Nd4 Bg6 33. Qh4 e5 0-1

[Event "*** Titled Tuesday Blitz"]
[Site "Chess.com"]
[Date "2021.04.06"]
[Round "8"]
[White "viktorgen2021"]
[Black "Leo_C"]
[Result "1-0"]
[WhiteElo "2292"]
[BlackElo "2380"]
[TimeControl "180+1"]
[EndTime "11:28:05 PDT"]
[Termination "viktorgen2021 won by resignation"]

1. d4 d5 2. Nf3 Nf6 3. g3 Bg4 4. Bg2 Nbd7 5. O-O c6 6. c4 e6 7.
Nc3 Be7 8. Nd2 O-O 9. Qc2 Bf5 10. e4 dxe4 11. Ndxe4 Nxe4 12. Nxe4 Nf6 13. Rd1 Nxe4 14. Bxe4 Bxe4 15. Qxe4 Bf6 16. Be3 Qa5 17. Qc2 Rfd8 18. a3 Qc7 19. Qb3 h5 20. h4 Qe7 21.
Rac1 Rac8 22. Qc2 Bxh4 23. gxh4 Qxh4 24. Qe2 Rd6 25. Qf3 e5 26. dxe5 Rg6+ 27. Kf1 Re8 28. Rd4 Qh2 29. Ke2 Rxe5 30. Rd8+ Kh7 31. Rh1 Rxe3+ 32. Kxe3 Qe5+ 33. Kd3 Qxb2 34. Rxh5+ Rh6 35. Qf5+ g6 36. Qxf7+ Qg7 37. Qxg7+ Kxg7 38. Rd7+ 1-0

[Event "*** Titled Tuesday Blitz"]
[Site "Chess.com"]
[Date "2021.04.06"]
[Round "8"]
[White "Blitzking642"]
[Black "PavelChernomordik"]
[Result "0-1"]
[WhiteElo "2433"]
[BlackElo "2336"]
[TimeControl "180+1"]
[EndTime "11:28:07 PDT"]
[Termination "PavelChernomordik won by resignation"]

1. e4 g6 2. Nc3 Bg7 3. Bc4 d6 4. f4 e6 5. Nf3 Ne7 6. d3 d5 7.
Bb3 dxe4 8. Nxe4 Nd5 9. O-O O-O 10. c3 Nd7 11. Qe2 c5 12. Bd2 Qc7 13. Nfg5 b6 14.
Rae1 Ba6 15. Bc2 Rae8 16. Qf2 f5 17. Ng3 e5 18. fxe5 Nxe5 19. c4 Ng4 20. Qf3 Bd4+ 21. Kh1 Nde3 22. Bxe3 Nxe3 23. Rxe3 Rxe3 24. Qd5+ Kh8 25.
Ne6 Qe7 26. Nxf8 Qxf8 27. b4 Qe7 28. Qa8+ Kg7 29. bxc5 Bb7 30. Qb8 Be5 0-1

[Event "*** Titled Tuesday Blitz"]
[Site "Chess.com"]
[Date "2021.04.06"]
[Round "8"]
[White "thechesscorner64"]
[Black "TST2014"]
[Result "0-1"]
[WhiteElo "2421"]
[BlackElo "2663"]
[TimeControl "180+1"]
[EndTime "11:28:09 PDT"]
[Termination "TST2014 won by resignation"]

1. e4 c5 2. Nf3 d6 3. d4 cxd4 4. Nxd4 Nf6 5. Nc3 Nc6 6. Bg5 e6 7. Qd2 a6 8. f3 Bd7 9. O-O-O b5 10. Nxc6 Bxc6 11. Kb1 Be7 12. Be3 Nd7 13. g4 b4 14.
Ne2 d5 15. Nd4 Bb7 16. exd5 Bxd5 17. Rg1 O-O 18. Bd3 Ne5 19. f4 Nxd3 20. Qxd3 a5 21. f5 a4 22. g5 e5 23. Nb5 Bc6 24. Nd6 Bxd6 25. Qxd6 Bf3 26. Qxd8 Rfxd8 27. Rxd8+ Rxd8 28. f6 Be4 29. Kc1 Rc8 30. c3 bxc3 31. bxc3 Rxc3+ 32. Kd2 Rc2+ 33. Ke1 Rxa2 34. fxg7 a3 35. Bc5 Ra1+ 36. Kf2 Rxg1 37. Kxg1 a2 0-1

[Event "*** Titled Tuesday Blitz"]
[Site "Chess.com"]
[Date "2021.04.06"]
[Round "8"]
[White "VladimirBugayev"]
[Black "C_K_G"]
[Result "0-1"]
[WhiteElo "2244"]
[BlackElo "2064"]
[TimeControl "180+1"]
[EndTime "11:28:12 PDT"]
[Termination "C_K_G won on time"]

1. e4 c5 2. Nc3 d6 3. f4 e6 4. Nf3 a6 5. g3 Nc6 6. Bg2 Nf6 7. O-O Be7 8. d3 O-O 9. b3 Qc7 10. Bb2 b5 11. a4 b4 12. Nb1 Bb7 13. Nbd2 Rac8 14.
Qe1 Rfe8 15. h3 d5 16. Ne5 Nd7 17. Ng4 Nd4 18. Rc1 dxe4 19. dxe4 Nf6 20. Nc4 Rcd8 21. Nf2 a5 22. Nd3 Ba6 23. Nde5 Nd7 24. Rf2 f6 25. Nxd7 Bxc4 26. Nxf6+ Bxf6 27. e5 Bd5 28. exf6 gxf6 29. Bxd4 cxd4 30. Qd1 Bxg2 31. Kxg2 e5 32. fxe5 fxe5 33. Qg4+ Qg7 34. Qxg7+ Kxg7 35. Rcf1 Re7 36. Rf5 e4 37. Rg5+ Kh8 38. Rgf5 d3 39. cxd3 exd3 40.
Rd1 d2 0-1

[Event "*** Titled Tuesday Blitz"]
[Site "Chess.com"]
[Date "2021.04.06"]
[Round "8"]
[White "exoticprincess"]
[Black "dretch"]
[Result "1-0"]
[WhiteElo "2941"]
[BlackElo "2817"]
[TimeControl "180+1"]
[EndTime "11:28:13 PDT"]
[Termination "exoticprincess won on time"]

1. d4 d5 2. Nc3 Nf6 3. Bf4 e6 4. Nb5 Na6 5. e3 c6 6. Nc3 Nc7 7. Nf3 Bd6 8. Bd3 Bxf4 9. exf4 Qd6 10. Qd2 c5 11. dxc5 Qxc5 12. O-O O-O 13. Rfe1 Rd8 14. Rad1 Bd7 15. Ne5 Be8 16. a3 Rac8 17. g3 Qb6 18.
b4 d4 19. Ne4 Ncd5 20. Nxf6+ Nxf6 21. f5 exf5 22. Bxf5 Rc3 23. h4 Qc7 24. Qf4 Ba4 25.
Rxd4 Rxd4 26. Qxd4 b6 27. Rd1 g6 28. Bd3 b5 29.
Nxg6 1-0

[Event "*** Titled Tuesday Blitz"]
[Site "Chess.com"]
[Date "2021.04.06"]
[Round "8"]
[White "Lenyas66"]
[Black "Dyadya81"]
[Result "0-1"]
[WhiteElo "2510"]
[BlackElo "2713"]
[TimeControl "180+1"]
[EndTime "11:28:13 PDT"]
[Termination "Dyadya81 won by resignation"]

1. e4 c6 2. d4 d5 3. exd5 cxd5 4. Bd3 Nc6 5. c3 Qc7 6. Ne2 Bg4 7. O-O Nf6 8. f3 Bd7 9. Bf4 e5 10. Bg3 Bd6 11.
Na3 a6 12. Nc2 O-O 13. dxe5 Nxe5 14. Ncd4 Rfe8 15. Re1 Nh5 16. Bxe5 Bxe5 17. g3 Re7 18. f4 Bf6 19. Kg2 Rae8 20. Qd2 Qc8 21. Ng1 Bxd4 22.
cxd4 Nf6 23. Nf3 Bh3+ 24. Kg1 Ne4 25. Qb4 Qg4 26. Ne5 Rxe5 27. dxe5 Nxg3 28. Kf2 Bg2 29. Re3 Ne4+ 30. Bxe4 Bxe4 31. Rg1 Qxf4+ 32. Ke2 Bf3+ 0-1

[Event "*** Titled Tuesday Blitz"]
[Site "Chess.com"]
[Date "2021.04.06"]
[Round "8"]
[White "madamDD"]
[Black "bratkoo"]
[Result "0-1"]
[WhiteElo "2388"]
[BlackElo "2563"]
[TimeControl "180+1"]
[EndTime "11:28:14 PDT"]
[Termination "bratkoo won by resignation"]

1. e4 e6 2. d4 d5 3. Nc3 Nf6 4. Bg5 Be7 5. e5 Nfd7 6. Bxe7 Qxe7 7. f4 O-O 8. Nf3 c5 9. Nb5 Nc6 10. c3 f6 11. Bd3 a6 12. Nd6 fxe5 13. fxe5 cxd4 14.
cxd4 Rxf3 15. Qxf3 Nxd4 16. Bxh7+ Kxh7 17. Qd3+ Nf5 18. Nxf5 exf5 19. Qxf5+ Kg8 20. O-O Nxe5 21. Qc2 Bd7 22.
Rae1 Qd6 23. Rd1 Ng4 24. g3 Ne3 25. Qf2 Nxd1 26. Qf7+ Kh8 27. Rf4 Qb6+ 28. Kh1 Bg4 29. Rxg4 Nf2+ 30. Kg2 Nxg4 31. Qh5+ Nh6 0-1

[Event "*** Titled Tuesday Blitz"]
[Site "Chess.com"]
[Date "2021.04.06"]
[Round "8"]
[White "Magila31"]
[Black "Grandmaster1369"]
[Result "1-0"]
[WhiteElo "2334"]
[BlackElo "2427"]
[TimeControl "180+1"]
[EndTime "11:28:14 PDT"]
[Termination "Magila31 won by resignation"]

1. d4 Nf6 2. c4 e6 3. Nf3 Bb4+ 4. Nbd2 b6 5. g3 Bb7 6. Bg2 Bxd2+ 7. Bxd2 h6 8. O-O O-O 9. Bc3 d6 10. d5 e5 11. Nh4 Bc8 12. f4 Nbd7 13. Nf3 exf4 14. gxf4 Re8 15. Nd4 Nc5 16. Nc6 Qd7 17. Bxf6 gxf6 18.
e4 Bb7 19. Qh5 Bxc6 20. Bh3 Qe7 21. dxc6 Qxe4 22. Bf5 Qxc4 23. Qxh6 Qd4+ 24. Rf2 Qd5 25. Bh7+ Kh8 26. Be4+ Kg8 27. Bxd5 1-0

[Event "*** Titled Tuesday Blitz"]
[Site "Chess.com"]
[Date "2021.04.06"]
[Round "8"]
[White "Shuvalov"]
[Black "Kretov_Evgenij"]
[Result "0-1"]
[WhiteElo "2471"]
[BlackElo "2617"]
[TimeControl "180+1"]
[EndTime "11:28:15 PDT"]
[Termination "Kretov_Evgenij won by checkmate"]

1. Nf3 c5 2. c4 Nf6 3. g3 b6 4. Bg2 Bb7 5. O-O e6 6. Nc3 Be7 7. d4 cxd4 8. Qxd4 d6 9. Rd1 a6 10. b3 Nbd7 11. e4 Qc8 12. Bb2 O-O 13. h3 Rd8 14. Rac1 h6 15. Qe3 Qc7 16. Nd4 Rac8 17.
Qe1 Qb8 18. Rc2 Re8 19. Re2 Qa8 20. f4 Bf8 21. Kh2 g6 22. e5 dxe5 23. fxe5 Bxg2 24. Rxg2 Nh5 25. Nxe6 Rxe6 26. Rxd7 Qc6 27. Rd5 Bg7 28. Re2 Rce8 29. Ne4 Kh7 30. Nf2 b5 31. Re4 bxc4 32. bxc4 f5 33. exf6 Rxe4 34. Nxe4 Qxc4 35. Rd7 Rxe4 36. Qd1 Re2+ 37. Kh1 Qe4+ 38. Kg1 Qg2# 0-1

[Event "*** Titled Tuesday Blitz"]
[Site "Chess.com"]
[Date "2021.04.06"]
[Round "8"]
[White "BvsN"]
[Black "kidagent"]
[Result "0-1"]
[WhiteElo "2442"]
[BlackElo "2348"]
[TimeControl "180+1"]
[EndTime "11:28:16 PDT"]
[Termination "kidagent won by checkmate"]

1. c4 c6 2. Nf3 Nf6 3. Nc3 d5 4. e3 e6 5. b3 Be7 6. Bb2 O-O 7.
Be2 dxc4 8. bxc4 Nbd7 9. Qc2 c5 10. O-O b6 11. d4 cxd4 12. exd4 Bb7 13. Rad1 Rc8 14.
Ne5 Qc7 15. Bd3 h6 16. f4 Nxe5 17. fxe5 Ng4 18. Qe2 h5 19. h3 Nh6 20. Qxh5 f5 21.
exf6 Bxf6 22. d5 exd5 23. Rxf6 Rxf6 24. Nb5 Qf7 25. Qe2 Re6 26. Qd2 dxc4 27. Bf1 Qg6 28. Nd4 Rd6 29. Qf2 Rf8 30. Qe2 Nf5 31. Qxc4+ Bd5 32.
Qe2 Ng3 33. Qd2 Nxf1 34. Rxf1 Rxf1+ 35. Kxf1 Qb1+ 36. Kf2 Rf6+ 37. Ke3 Qe4# 0-1

[Event "*** Titled Tuesday Blitz"]
[Site "Chess.com"]
[Date "2021.04.06"]
[Round "8"]
[White "kingnb"]
[Black "AlexOstrovskiy"]
[Result "0-1"]
[WhiteElo "2593"]
[BlackElo "2751"]
[TimeControl "180+1"]
[EndTime "11:28:17 PDT"]
[Termination "AlexOstrovskiy won by resignation"]

1. d4 Nf6 2. Nf3 c5 3. Bd2 cxd4 4. Nxd4 e5 5. Nf3 Nc6 6. c4 Bc5 7. e3 O-O 8. Be2 e4 9. Ng5 h6 10. Nh3 d5 11. cxd5 Nxd5 12. Nc3 Nxc3 13. Bxc3 Bxh3 14. gxh3 Bb4 15. Qxd8 Rfxd8 16. Rc1 Rd6 17. Bb5 Bxc3+ 18. Rxc3 Ne5 19. Be2 Rad8 20. Rc2 Nf3+ 21. Bxf3 exf3 22. O-O Rg6+ 23. Kh1 Rg2 24. e4 Rd4 25. Rc3 Rxf2 26. Rxf3 Rxf1+ 27. Rxf1 Rxe4 28. Rf2 g6 29. Kg2 f5 30.
Rc2 Kf7 31. Rc7+ Re7 32. Rc2 Kf6 33. b3 Kg5 34. Kg3 Re3+ 35. Kg2 b5 36. Rd2 b4 37. Rc2 a5 38. Rd2 Kh5 39. Rf2 Rc3 40. Rd2 g5 41. Re2 f4 42. Rd2 Kh4 0-1

[Event "*** Titled Tuesday Blitz"]
[Site "Chess.com"]
[Date "2021.04.06"]
[Round "8"]
[White "Orest_Vovk"]
[Black "Abund"]
[Result "1-0"]
[WhiteElo "2605"]
[BlackElo "2726"]
[TimeControl "180+1"]
[EndTime "11:28:17 PDT"]
[Termination "Orest_Vovk won by resignation"]

1. d4 Nf6 2. Nf3 g6 3. Bg5 Bg7 4. Nbd2 d5 5. e3 Nbd7 6. Bd3 O-O 7. O-O c5 8. c3 b6 9. Ne5 Bb7 10. f4 e6 11. Qf3 Qc7 12. Qh3 Ne4 13. Nxe4 dxe4 14.
Bb5 Nf6 15. Bxf6 Bxf6 16. Nd7 Bg7 17. Nxf8 Rxf8 18. Rac1 a6 19. Be2 Rc8 20. Qh4 cxd4 21. cxd4 Qxc1 22. Rxc1 Rxc1+ 23. Kf2 f6 24. f5 gxf5 25.
Qf4 Bd5 26. Qb8+ Kf7 27. Bh5+ Ke7 28. Qa7+ Kd6 29. Qxg7 f4 30. exf4 Rc2+ 31. Ke1 e3 32. Qxf6 Kc6 33. Qe5 Rxg2 34. Qxe3 Rxh2 35. Bf3 Kd7 36.
Bxd5 exd5 37. Qe5 Rh6 38. Qg7+ 1-0